 Dungeon Crawl Stone Soup version 0.23.2-33-g5129a83184 (webtiles) character file.

Game seed: 16691079674438951712

84 DildoBatman the Sneak (level 4, -1/30 HPs)
             Began as a Formicid Wizard on Aug 12, 2019.
             Was an Initiate of Ashenzari.
             Slain by an orc
             ... wielding a +0 dagger
              (3 damage)
             ... on level 3 of the Dungeon.
             The game lasted 00:05:36 (1628 turns).

DildoBatman the Sneak (Formicid Wizard)             Turns: 1628, Time: 00:05:37

Health: -1/30      AC:  2    Str: 12    XL:     4   Next: 72%
Magic:  8/8        EV: 12    Int: 18    God:    Ashenzari [......]
Gold:   69         SH:  0    Dex:  9    Spells: 2/9 levels left

rFire    . . .     SeeInvis +   a - +0 hunting sling
rCold    . . .     Gourm    .   (no shield)
rNeg     + . .     Faith    .   l - +0 robe
rPois    .         Spirit   .   (helmet unavailable)
rElec    .         Reflect  .   (no cloak)
rCorr    .         Harm     .   (no gloves)
MR       .....                  (no boots)
Stlth    ++........             (no amulet)
HPRegen  0.10/turn              k - ring of positive energy
MPRegen  0.11/turn              (no ring)

@: no status effects
A: permanent stasis, dig shafts and tunnels, four strong arms, antennae 3
a: Dig, Shaft Self, Curse Item, Renounce Religion


You were on level 3 of the Dungeon.
You worshipped Ashenzari.
Ashenzari was noncommittal.
You were not hungry.

You visited 1 branch of the dungeon, and saw 3 of its levels.

You collected 69 gold pieces.

Inventory:

Hand Weapons
 a - a +0 hunting sling (weapon)
 b - a +0 dagger
Missiles
 c - 12 sling bullets (quivered)
 e - 34 bolts
 j - 17 poisoned needles
 n - 47 stones
Armour
 l - a +0 robe (worn)
 m - a cursed +0 robe
Jewellery
 k - a ring of positive energy (left hand)
Scrolls
 f - a scroll of magic mapping {unknown}
 g - a scroll of noise {unknown}
 h - 5 scrolls of identify {unknown}
 i - 2 scrolls of remove curse
Potions
 d - a potion of cancellation {unknown}
Comestibles
 o - 4 chunks of flesh
 v - 4 rations


   Skills:
 - Level 1.7 Dodging
 * Level 4.0 Stealth
 - Level 3.2 Spellcasting
 * Level 3.0 Conjurations
   Level 1.0 Summonings
   Level 0.8 Translocations


You had 2 spell levels left.
You knew the following spells:

 Your Spells              Type           Power        Failure   Level  Hunger
a - Conjure Flame         Conj/Fire      #.......     26%         3    ###....
c - Magic Dart            Conj           ##..         4%          1    None
e - Mephitic Cloud        Conj/Pois/Air  #.......     30%         3    ###....

Your spell library contained the following spells:

 Spells                   Type           Power        Failure   Level  Hunger
 Call Imp                 Summ           #.......     16%         2    ##.....
 Slow                     Hex            #.......     24%         2    ##.....
 Blink                    Tloc           Unusable     N/A         2    N/A

Dungeon Overview and Level Annotations

Branches:
Dungeon (3/15)

Altars:
Ashenzari

Annotations:
D:1 exclusion: worm, Robin
D:2 1 exclusion


Innate Abilities, Weirdness & Mutations

You cannot be hasted, slowed, berserked, paralysed or teleported.
You can dig through walls and to a lower floor.
Your four strong arms can wield two-handed weapons with a shield.
You have a pair of large antennae on your head. (SInv)


Message History

The orc barely misses you. The rat misses you. What are your orders? t - Shout!
Orders for allies: a - Attack new target. r - Retreat! s - Stop attacking. g - Guard the area. f - Follow me.
Anything else - Cancel.
You shout for attention!
The orc hits you with a +0 dagger. The rat misses you.
What are your orders? t - Shout!
Orders for allies: a - Attack new target. r - Retreat! s - Stop attacking. g - Guard the area. f - Follow me.
Anything else - Cancel.
You shout for attention!
The orc hits you with a +0 dagger.
You die...

## . #.
#.########.#
## #.....<...#
#.###.########
#..#?## #...##
#.@o# #..r#
#...# #...#
#...# #....
#.... ######


You could see an orc and a rat.

Vanquished Creatures
  A worker ant (D:2)
  An adder (D:2)
  A dart slug (D:1)
  A leopard gecko (D:1)
  An orc (D:2)
  A giant cockroach (D:1)
  2 hobgoblins (D:2)
  11 jackals
  8 kobolds
  A quokka (D:2)
  A ball python (D:1)
  A bat (D:1)
  2 frilled lizards
  8 goblins
  6 rats
46 creatures vanquished.

Notes
Turn   | Place    | Note
-------+----------+-------------------------------------------
     0 | D:1      | DildoBatman the Formicid Wizard began the quest for the
                  | Orb.
     0 | D:1      | Reached XP level 1. HP: 13/13 MP: 4/4
    13 | D:1      | Reached skill level 1 in Conjurations
   200 | D:1      | Reached XP level 2. HP: 2/19 MP: 0/6
   438 | D:1      | Found a shattered altar of Ashenzari.
   448 | D:1      | Became a worshipper of Ashenzari the Shackled
   898 | D:2      | Reached skill level 3 in Stealth
   898 | D:2      | Reached XP level 3. HP: 22/24 MP: 0/7
   903 | D:2      | Learned a level 3 spell: Conjure Flame
   907 | D:2      | Learned a level 3 spell: Mephitic Cloud
   959 | D:2      | Noticed Robin
  1247 | D:2      | Reached XP level 4. HP: 29/30 MP: 0/8
  1422 | D:2      | Reached skill level 4 in Stealth
  1627 | D:3      | HP: 1/30 [orc/+0 dagger (2)]
  1628 | D:3      | Slain by an orc

Skill      XL: |  1  2  3  4 |
---------------+-------------+-----
Conjurations   | 1 2 3 |  3.0
Stealth        | 3 4 |  4.0
Dodging        | |  1.7
Spellcasting   | |  3.2
Summonings     | |  1.0
Translocations | |  0.8

Action                   |  1- 3 |  4- 6 || total
-------------------------+-------+-------++-------
Melee: Dagger            |    25 |       ||    25
 Fire: Hunting sling     |     9 |    12 ||    21
 Cast: Magic Dart        |    60 |    16 ||    76
       Mephitic Cloud    |     1 |     1 ||     2
 Abil: Dig               |     7 |       ||     7
 Stab: Sleeping          |     1 |       ||     1
  Eat: Chunk             |     1 |     2 ||     3
Armor: Robe              |     4 |     7 ||    11
Dodge: Dodged            |    34 |    36 ||    70
